 Dungeon Crawl Stone Soup version 0.27.1-35-g4d5d836560 (webtiles) character file.

Game seed: 18353296211976106004

516 Delamore the Covert (level 7, -2/45 HPs)
             Began as an Octopode Brigand on May 2, 2022.
             Slain by an orc (7 damage)
             ... on level 4 of the Dungeon.
             The game lasted 00:03:25 (3927 turns).

Delamore the Covert (Octopode Brigand)              Turns: 3927, Time: 00:03:25

Health: -2/45      AC:  2    Str: 10    XL:     7   Next: 20%
Magic:  16/16      EV: 12    Int: 14    God:
Gold:   249        SH:  0    Dex: 15    Spells: 6/6 levels left

rFire    . . .     SeeInvis .   a - +2 dagger
rCold    . . .     Faith    .   (no shield)
rNeg     . . .     Spirit   .   l - +1 hat
rPois    .         Reflect  .   (no amulet)
rElec    .         Harm     .   q - ring of magical power
rCorr    .         Rampage  .   t - +4 ring of slaying
Will     .....                  (no ring)
Stlth    +++++.....             (no ring)
HPRegen  0.15/turn              (no ring)
MPRegen  0.15/turn              (no ring)
                                (no ring)
                                (no ring)

@: no status effects
A: almost no armour, amphibious, 8 rings, camouflage 1, gelatinous body 1,
(nimble swimmer 1), tentacles
a: no special abilities


You were on level 4 of the Dungeon.
You visited 2 branches of the dungeon, and saw 5 of its levels.

You collected 249 gold pieces.

Inventory:

Hand Weapons
 a - a +2 dagger (weapon)
Missiles
 b - 8 poisoned darts
 c - 2 curare-tipped darts (quivered)
 j - 6 boomerangs
Armour
 l - a +1 hat (worn)
Jewellery
 q - a ring of magical power (left tentacle)
 t - a +4 ring of slaying (right tentacle)
Wands
 p - a wand of flame (20)
Scrolls
 d - a scroll of fear
 g - a scroll of vulnerability
 h - a scroll of magic mapping
 i - a scroll of fog
 o - a scroll of identify
Potions
 e - 3 potions of mutation {unknown}
 f - a potion of cancellation {unknown}
 k - a potion of ambrosia {unknown}
 m - a potion of invisibility {unknown}
 n - a potion of brilliance {unknown}
 r - a potion of magic {unknown}
 s - 2 potions of haste {unknown}


   Skills:
 - Level 2.0 Fighting
 * Level 6.3 Short Blades
 - Level 2.0 Throwing
 - Level 1.0 Dodging
 + Level 8.0 Stealth


You had 6 spell levels left.
You didn't know any spells.
Your spell library contained the following spells:

 Spells                   Type           Power      Damage    Failure   Level
 Magic Dart               Conj           0%         1d3       28%         1
 Call Imp                 Summ           0%         N/A       41%         2
 Static Discharge         Conj/Air       0%         N/A       41%         2
 Mephitic Cloud           Conj/Pois/Air  0%         N/A       65%         3
 Dispel Undead            Necr           0%         3d6       96%         4
 Sticky Flame             Conj/Fire      0%         2d3       96%         4


Dungeon Overview and Level Annotations

Branches:
Dungeon (4/15)             Temple (1/1) D:4

Altars:
Ashenzari
Dithmenos
Elyvilon
Hepliaklqana
Makhleb
Nemelex Xobeh
Okawaru
Qazlal
Trog
Uskayaw
Xom
Yredelemnul
Zin
The Shining One

Shops:
D:2 [

Annotations:
D:3 2 transporters, makewrite's ghost, amateur MiBe
D:4 Grinder; Pikel


Innate Abilities, Weirdness & Mutations

You cannot wear most types of armour.
You are amphibious.
You can wear up to eight rings at the same time.
Your skin changes colour to match your surroundings (Stealth+).
Your rubbery body absorbs attacks. (AC +1, EV +1)
((You are camouflaged near water. (Stealth+)))
You have tentacles for arms and can constrict up to eight enemies at once.


Message History

The orc warrior shouts!
The orc shouts!
You hear a shout!
The orc priest shouts!
You hear a shout! x5
Pikel the Slaver comes into view.
He is wielding a +0 whip of freezing and carrying a wand of digging (5).
Grinder comes into view.
You hear a shout!
You closely miss the orc warrior. Your grab misses the orc warrior.
Pikel zaps a wand.
You hear a grinding noise.
An orc comes into view. It is wielding a +0 short sword.
You hit the orc warrior. Your grab misses the orc warrior.
You squeeze the orc warrior.
The orc warrior is lightly wounded.
You hit the orc warrior but do no damage.
Your grab misses the orc warrior.
The orc warrior is lightly wounded.
The orc warrior barely misses you.
The orc priest mumbles some strange prayers to Beogh against you.
Beogh smites you!
An orc comes into view. It is wielding a +0 trident.
You hit the orc warrior. Your grab misses the orc warrior.
The orc warrior is moderately wounded.
You hit the orc warrior but do no damage.
You grab the orc warrior.
The orc warrior is moderately wounded.
You constrict the orc warrior, but do no damage.
A lemure comes into view.
You puncture the orc warrior! You squeeze the orc warrior.
The orc warrior is heavily wounded.
You constrict the orc warrior, but do no damage.
The orc warrior barely misses you. The orc hits you with a +0 whip.
The orc closely misses you.
You barely miss the orc warrior.
The orc warrior is heavily wounded.
You constrict the orc warrior, but do no damage.
The orc warrior hits you with a +0 battleaxe!!
Ouch! That really hurt!
* * * LOW HITPOINT WARNING * * *
The orc barely misses you.
The orc hits you from afar with a +0 trident!
You die...

.......#
#...##
.......#
#####.#..#####
########
#............#
#.###)######.#
## ##.## ##
..#$###..#
..#..(###
##o##o..#
#.#@o#
###o#.8..# .K.
5(... #..##
..#. 5.#. .#
..# # # ##


You could see Pikel, Grinder, an orc warrior, a lemure, an orc priest and 2
orcs.

Vanquished Creatures
  A sky beast (D:4)
  A centaur (D:4)
  A scorpion (D:2)
  A bullfrog skeleton (D:4)
  3 hounds (D:4)
  An iguana (D:4)
  An orc wizard (D:4)
  Natasha (D:4)
  3 gnolls (D:3)
  An adder (D:2)
  3 dart slugs
  3 orcs (D:4)
  6 ball pythons
  8 bats
  2 endoplasms
  A giant cockroach (D:4)
  6 goblins
  4 hobgoblins
  A jackal (D:1)
  A quokka (D:4)
  2 frilled lizards (D:1)
  6 kobolds
  3 rats
60 creatures vanquished.

Notes
Turn   | Place    | Note
-------+----------+-------------------------------------------
     0 | D:1      | Delamore the Octopode Brigand began the quest for the Orb.
     0 | D:1      | Reached XP level 1. HP: 14/14 MP: 1/1
    61 | D:1      | Reached XP level 2. HP: 19/19 MP: 2/2
   705 | D:1      | Reached XP level 3. HP: 23/24 MP: 3/3
  1012 | D:2      | Found Foqeys's Armour Boutique.
  1191 | D:2      | Noticed a scorpion
  1197 | D:2      | Killed a scorpion
  1198 | D:2      | Reached skill level 6 in Stealth
  1198 | D:2      | Reached XP level 4. HP: 29/29 MP: 4/4
  1605 | D:3      | Found a transporter.
  1781 | D:3      | Reached XP level 5. HP: 5/34 MP: 5/5
  2349 | D:3      | Found a faded altar of an unknown god.
  2420 | D:3      | Noticed makewrite's ghost (amateur MiBe)
  2421 | D:3      | Found a transporter.
  3206 | D:4      | Noticed Natasha
  3210 | D:4      | Found a staircase to the Ecumenical Temple.
  3211 | D:4      | Noticed a sky beast
  3214 | D:4      | Killed Natasha
  3230 | D:4      | Killed a sky beast
  3231 | D:4      | Reached skill level 5 in Short Blades
  3231 | D:4      | Reached skill level 7 in Stealth
  3231 | D:4      | Reached XP level 6. HP: 32/39 MP: 6/6
  3236 | Temple   | Entered the Ecumenical Temple
  3694 | D:4      | Reached skill level 8 in Stealth
  3694 | D:4      | Reached XP level 7. HP: 18/45 MP: 7/7
  3920 | D:4      | Noticed Pikel
  3920 | D:4      | Noticed Grinder
  3927 | D:4      | Slain by an orc

Illustrated notes

Levels and vault maps discovered:
D:1:      evilmike_arrival_hilbert_curve, layout_loops_ring, minmay_quantized
D:2:      layout_loops_cross, serial_shops, shop_coins, st_stairs_2
D:3:      layout_basic, gammafunk_ghost_arena, shapermc_ecumenical_altar_ellora
D:4:      minmay_clustersquares, layout_basic, minmay_temple_entry_trees,
          guppyfry_early_orc_mine, uniq_grinder, uniq_natasha, uniq_pikel,
          uniq_duvessa
Temple:   dpeg_chambers_temple

Skill      XL: |  1  2  3  4  5  6 |
---------------+-------------------+-----
Short Blades   | 3 4 5 6 |  6.3
Stealth        | 6 7 8 |  8.0
Fighting       | |  2.0
Throwing       | |  2.0
Dodging        | |  1.0

Action                   |  1- 3 |  4- 6 |  7- 9 || total
-------------------------+-------+-------+-------++-------
Melee: Dagger            |    48 |    66 |     9 ||   123
       Constrict         |    13 |    12 |     1 ||    26
       Tentacles         |     7 |    16 |     2 ||    25
Throw: Dart              |     3 |    10 |       ||    13
       Boomerang         |       |     1 |       ||     1
  Use: Scroll            |       |     4 |       ||     4
 Stab: Sleeping          |    11 |     8 |     2 ||    21
Armor: Skin              |     4 |     3 |       ||     7
Dodge: Dodged            |    26 |    36 |     4 ||    66
